 Dungeon Crawl Stone Soup version 0.30-a0-149-g7f746667c4 (webtiles) character file.

Game seed: 16152810662935693635

174 qw the Shield-Bearer (level 5, -2/32 HPs)
             Began as a Gargoyle Fighter on Sept 26, 2022.
             Was an Initiate of Okawaru.
             Slain by an ufetubus (4 damage)
             ... on level 4 of the Dungeon.
             The game lasted 00:01:14 (3798 turns).

qw the Shield-Bearer (Gargoyle Fighter)             Turns: 3798, Time: 00:01:15

Health: -2/32      AC: 13    Str: 21    XL:     5   Next: 54%
Magic:  5/5        EV:  4    Int:  9    God:    Okawaru [......]
Gold:   174        SH: 12    Dex:  9    Spells: 4/4 levels left

rFire   . . .      SeeInvis .    Y - +3 broad axe (vorpal)
rCold   . . .      Faith    .    g - +0 tower shield
rNeg    + . .      Spirit   .    h - +0 chain mail
rPois   inf        Reflect  .    (no helmet)
rElec   +          Harm     .    (no cloak)
rCorr   .          Rampage  .    (no gloves)
Will    .....                    (no boots)
Stlth   ..........               (no amulet)
HPRegen 0.10/turn                (no ring)
MPRegen 0.09/turn                (no ring)

@: no status effects
A: sickness immunity, AC +4, negative energy resistance 1, electricity
resistance, torment resistance 1, petrification resistance
a: Renounce Religion


You were on level 4 of the Dungeon.
You worshipped Okawaru.
Okawaru was noncommittal.
You visited 1 branch of the dungeon, and saw 4 of its levels.

You collected 207 gold pieces.
You spent 33 gold pieces at shops.


Innate Abilities, Weirdness & Mutations

You are immune to sickness and miasma.
Your stone body is resilient. (AC +4)
You are immune to poison.
You resist negative energy. (rN+)
You are resistant to electric shocks. (rElec)
You are resistant to unholy torment.
You are immune to petrification.


   Skills:
 - Level 3.2 Fighting
 - Level 3.2 Axes
 - Level 3.2 Armour
 + Level 5.7 Shields


You had 4 spell levels left.
You didn't know any spells.
Your spell library was empty.

Inventory:

Hand Weapons
 b - a +2 whip of holy wrath
 Y - a +3 vorpal broad axe (weapon)
Missiles
 e - 2 javelins (quivered)
Armour
 g - a +0 tower shield (worn)
 h - a +0 chain mail (worn)
Potions
 a - a potion of haste {unknown}
 c - a potion of cancellation {unknown}
 d - a potion of might
 i - a potion of degeneration {unknown}
 k - a potion of curing
 l - 2 potions of attraction

Dungeon Overview and Level Annotations

Branches:
Dungeon (4/15)
 Temple: D:4-7

Altars:
Ashenzari
Dithmenos
Fedhas
Nemelex Xobeh
Okawaru
Sif Muna
Trog

Shops:
D:1 !   D:3 :


Message History

Okawaru accepts your kill.
You slash the jackal!
You kill the jackal!
Okawaru accepts your kill.
You slash the orc!
You kill the orc!
Okawaru accepts your kill. You block the ufetubus's attack. x2
A dart slug comes into view.
The ufetubus hits you but does no damage.
You block the ufetubus's attack. You block the orc's attack.
You barely miss the ufetubus. You hit the orc. You block the ufetubus's attack.
The ufetubus hits you.
The ufetubus hits you but does no damage.
The ufetubus barely misses you. You block the orc's attack.
The ufetubus barely misses you.
The ufetubus hits you but does no damage.
The orc barely misses you.
You slash the orc!
You kill the orc!
Okawaru accepts your kill.
You barely miss the ufetubus. You block the ufetubus's attack.
The ufetubus barely misses you.
The ufetubus hits you but does no damage.
The ufetubus hits you.
You closely miss the ufetubus. You slash the orc!
You kill the orc!
Okawaru accepts your kill. You block the ufetubus's attack. x2
The ufetubus hits you but does no damage.
The ufetubus hits you. The ufetubus barely misses you.
The ufetubus hits you but does no damage.
You hit the dart slug.
The dart slug is moderately wounded.
You closely miss the ufetubus.
You block the ufetubus's attack. x2; The ufetubus barely misses you.
The ufetubus hits you.
The dart slug bites you but does no damage.
The ufetubus barely misses you. The ufetubus hits you.
You die...

#..$. .# #.... .#
. #?... .. ..
##.... .# .$.
..... .##..#
.####..###s...###
..........#.#..)#
.....>....#
..#.#.....#
#.#...... #
#..#....
#....#### ##.###


You could see a scorpion, an adder, a dart slug and an ufetubus.

Vanquished Creatures
  An orc priest (D:4)
  3 gnolls (D:4)
  2 adders
  A worm (D:3)
  4 dart slugs
  4 orcs (D:4)
  5 bats
  9 endoplasms
  2 giant cockroaches
  6 hobgoblins
  2 jackals (D:4)
  2 quokkas
  8 ball pythons
  9 frilled lizards
  7 goblins
  13 kobolds
  5 rats
83 creatures vanquished.

Vanquished Creatures (others)
  9 plants (D:2)
9 creatures vanquished.

Grand Total: 92 creatures vanquished

Notes
Turn   | Place    | Note
-------+----------+-------------------------------------------
     0 | D:1      | qw the Gargoyle Fighter began the quest for the Orb.
     0 | D:1      | Reached XP level 1. HP: 14/14 MP: 1/1
     0 | D:1      | 0 ||| qw: Version: 0.2-a-10-g399e6c4
     0 | D:1      | 0 ||| qw: Game counter: 538
     0 | D:1      | 0 ||| qw: Always use a shield: true
     0 | D:1      | 0 ||| qw: God list: Okawaru
     0 | D:1      | 0 ||| qw: Allow faded altars: false
     0 | D:1      | 0 ||| qw: Do Orc after D:15 true
     0 | D:1      | 0 ||| qw: Do second Lair branch before Depths: true
     0 | D:1      | 0 ||| qw: Lair rune preference: random
     0 | D:1      | 0 ||| qw: Plans: Normal, Zot:1-4, God:TSO, Crypt, Tomb,
                  | Pan, Slime:5, Hells, Abyss, Orb
     0 | D:1      | 0 ||| PLANNING D:1-11
    62 | D:1      | 62 ||| Stepping ~*~*~tactically~*~*~ (stealth).
    64 | D:1      | 64 ||| Stepping ~*~*~tactically~*~*~ (stealth).
    66 | D:1      | 66 ||| Stepping ~*~*~tactically~*~*~ (stealth).
    79 | D:1      | 79 ||| Stepping ~*~*~tactically~*~*~ (stealth).
   134 | D:1      | 134 ||| Stepping ~*~*~tactically~*~*~ (stealth).
   365 | D:1      | 365 ||| Stepping ~*~*~tactically~*~*~ (hiding).
   373 | D:1      | Reached XP level 2. HP: 7/19 MP: 2/2
   376 | D:1      | HP: 4/19 [kobold/+0 club (1)]
   726 | D:1      | Found a faded altar of an unknown god.
   734 | D:1      | 734 ||| Stepping ~*~*~tactically~*~*~ (stealth).
   905 | D:1      | Reached skill level 3 in Axes
  1038 | D:1      | Found Xiptapt's Distillery.
  1048 | D:1      | 1048 ||| SHOPLISTING 2 potions of haste (220 gold, have
                  | 64).
  1048 | D:1      | 1048 ||| SHOPLISTING 2 potions of heal wounds (110 gold,
                  | have 64).
  1048 | D:1      | 1048 ||| BUYING potion of attraction (33 gold).
  1048 | D:1      | Bought a potion of attraction for 33 gold pieces
  1048 | D:1      | 1048 ||| SHOPLISTING potion of curing (33 gold, have 31).
  1137 | D:1      | Reached XP level 3. HP: 23/23 MP: 3/3
  1256 | D:1      | 1256 ||| Stepping ~*~*~tactically~*~*~ (hiding).
  1537 | D:1      | 1537 ||| UPGRADING to +0 tower shield.
  1547 | D:1      | 1547 ||| DROPPING +0 buckler.
  1548 | D:1      | 1548 ||| UPGRADING to +0 chain mail.
  1558 | D:1      | 1558 ||| DROPPING +0 scale mail.
  1559 | D:1      | 1559 ||| READING scroll labelled XUBADE QOTOC.
  1560 | D:1      | 1560 ||| READING scroll labelled NOCRUDO ISUO.
  1564 | D:1      | 1564 ||| READING scroll labelled FUCIER JOYSIDA.
  1564 | D:1      | Identified a scroll of acquirement
  1564 | D:1      | 1564 ||| ACQUIRING +3 vorpal broad axe
  1564 | D:1      | Acquired a +3 vorpal broad axe
  1566 | D:1      | 1566 ||| SWAPPING to +3 vorpal broad axe.
  1567 | D:1      | 1567 ||| DROPPING +0 war axe.
  1660 | D:2      | 1660 ||| Stepping ~*~*~tactically~*~*~ (hiding).
  1662 | D:2      | 1662 ||| Stepping ~*~*~tactically~*~*~ (hiding).
  1741 | D:2      | 1741 ||| Stepping ~*~*~tactically~*~*~ (stealth).
  1743 | D:2      | 1743 ||| Stepping ~*~*~tactically~*~*~ (hiding).
  1976 | D:2      | Reached skill level 4 in Shields
  2097 | D:2      | Reached XP level 4. HP: 28/28 MP: 4/4
  2419 | D:2      | 2419 ||| Stepping ~*~*~tactically~*~*~ (stealth).
  2451 | D:2      | 2451 ||| Stepping ~*~*~tactically~*~*~ (stealth).
  2489 | D:2      | 2489 ||| DROPPING +0 whip.
  2622 | D:2      | 2622 ||| READING scroll labelled FENE MOULELLE.
  2745 | D:3      | 2745 ||| FLEEEEING.
  2746 | D:3      | 2746 ||| FLEEEEING.
  2772 | D:3      | Found Zosofiki's Book Shoppe.
  2843 | D:3      | Found a sparkling altar of Nemelex Xobeh.
  2854 | D:3      | Found a shadowy altar of Dithmenos.
  2858 | D:3      | Found a shimmering blue altar of Sif Muna.
  2858 | D:3      | Found a bloodstained altar of Trog.
  2862 | D:3      | Found an iron altar of Okawaru.
  2863 | D:3      | 2863 ||| PLANNING OKAWARU WORSHIP
  2863 | D:3      | 2863 ||| DROPPING amulet of faith.
  2864 | D:3      | 2864 ||| DRINKING 2 ruby potions.
  2865 | D:3      | Found a broken altar of Ashenzari.
  2866 | D:3      | 2866 ||| FLEEEEING.
  2871 | D:3      | 2871 ||| FLEEEEING.
  2873 | D:3      | 2873 ||| FLEEEEING.
  2875 | D:3      | 2875 ||| FLEEEEING.
  2876 | D:3      | 2876 ||| FLEEEEING.
  2880 | D:3      | 2880 ||| FLEEEEING.
  2881 | D:3      | 2881 ||| FLEEEEING.
  2883 | D:3      | 2883 ||| FLEEEEING.
  2884 | D:3      | 2884 ||| FLEEEEING.
  2889 | D:3      | 2889 ||| FLEEEEING.
  2890 | D:3      | 2890 ||| FLEEEEING.
  2893 | D:3      | 2893 ||| FLEEEEING.
  2894 | D:3      | 2894 ||| STAIRDANCE
  2903 | D:3      | 2903 ||| STAIRDANCE
  2947 | D:3      | 2947 ||| FLEEEEING.
  2952 | D:3      | 2952 ||| FLEEEEING.
  2953 | D:3      | 2953 ||| FLEEEEING.
  2954 | D:3      | 2954 ||| FLEEEEING.
  2955 | D:3      | 2955 ||| FLEEEEING.
  2956 | D:3      | 2956 ||| FLEEEEING.
  2960 | D:3      | 2960 ||| FLEEEEING.
  2961 | D:3      | 2961 ||| FLEEEEING.
  2964 | D:3      | 2964 ||| FLEEEEING.
  2970 | D:3      | 2970 ||| FLEEEEING.
  2976 | D:3      | 2976 ||| FLEEEEING.
  2977 | D:3      | 2977 ||| FLEEEEING.
  2979 | D:3      | 2979 ||| FLEEEEING.
  2980 | D:3      | 2980 ||| STAIRDANCE
  2984 | D:3      | 2984 ||| STAIRDANCE
  2989 | D:3      | 2989 ||| STAIRDANCE
  3055 | D:3      | Became a worshipper of Warmaster Okawaru
  3056 | D:3      | 3056 ||| PLANNING D:1-11
  3500 | D:3      | Found a blossoming altar of Fedhas.
  3765 | D:3      | 3765 ||| READING scroll labelled CUMYFU SOIZOWN.
  3782 | D:4      | Reached skill level 5 in Shields
  3782 | D:4      | Reached XP level 5. HP: 20/32 MP: 5/5
  3792 | D:4      | HP: 8/32 [orc/+0 trident (3)]
  3797 | D:4      | HP: 4/32 [ufetubus (2)]
  3798 | D:4      | Slain by an ufetubus

Levels and vault maps discovered:
D:1:      dpeg_arrival_connections, layout_basic,
          chequers_ecumenical_altar_simple_redux, serial_shops,
          nicolae_lakefront_shop, palyth_stone_intersect,
          minmay_misc_feat_four_crosses
D:2:      layout_basic, minmay_misc_feat_secret_circle, lexackson_kobold_supper
D:3:      minmay_diamond_boxcup, layout_basic, fedhas_altar_3,
          grunt_temple_overflow_open, serial_shops,
          nicolae_shop_advertising_works [nicolae_subvault_shop_adworks],
          hangedman_abyss_or_decor_lesser_grid
D:4:      layout_basic, nicolae_take_the_stairs, minmay_snake_closets,
          uniq_duvessa

Skill      XL: |  1  2  3  4 |
---------------+-------------+-----
Axes           | 2 3 |  3.2
Shields        | 4 5 |  5.7
Fighting       | |  3.2
Armour         | |  3.2

Action                   |  1- 3 |  4- 6 || total
-------------------------+-------+-------++-------
Melee: War axe           |    74 |       ||    74
       Broad axe         |    23 |    77 ||   100
Throw: Javelin           |    12 |    17 ||    29
  Use: Scroll            |     3 |     2 ||     5
       Potion            |       |     1 ||     1
Armor: Scale mail        |    30 |       ||    30
       Chain mail        |    11 |    60 ||    71
Dodge: Dodged            |    35 |    20 ||    55
Block: Buckler           |     8 |       ||     8
       Tower shield      |    10 |    61 ||    71

Table legend:
 A = Non-vault XP
 B = Vault XP
 C = Vault XP percentage of total XP
 D = Non-vault monster count
 E = Vault monster count
 F = Vault count percentage of total count
                 A         B        C        D         E       F
            +---------+---------+-------+---------+---------+-------
      Total |     227 |      22 |   8.8 |      67 |      16 |  19.3
            +---------+---------+-------+---------+---------+-------
        D:1 |      41 |       0 |   0.0 |      24 |       0 |   0.0
        D:2 |      43 |      10 |  18.9 |      17 |       8 |  32.0
        D:3 |      40 |      12 |  23.1 |      14 |       8 |  36.4
        D:4 |     103 |       0 |   0.0 |      12 |       0 |   0.0
            +---------+---------+-------+---------+---------+-------
